 Dungeon Crawl Stone Soup version 0.17-a0-121-gf94917f (webtiles) character file.

109 Ngotmuk the Shield-Bearer (level 4, -3/42 HPs)
             Began as a Deep Dwarf Fighter on Mar 22, 2015.
             Killed from afar by an orc wizard (13 damage)
             ... with a puff of flame
             ... on level 3 of the Dungeon.
             The game lasted 00:04:00 (1140 turns).

Ngotmuk the Shield-Bearer (Deep Dwarf Fighter)      Turns: 1140, Time: 00:04:01

Health: -3/42      AC:  8    Str: 20    XL:     4   Next: 59%
Magic:  4/4        EV:  7    Int:  9    God:
Gold:   26         SH:  9    Dex: 12    Spells: 0 memorised, 3 levels left

rFire  . . .     SeeInvis .     a - +0 flail
rCold  . . .     Clarity  .     b - +0 scale mail
rNeg   . . .     SustAb   .     c - +0 shield
rPois  .         Gourm    .     t - +0 helmet
rElec  .         Spirit   .     (no cloak)
rCorr  .         Warding  .     (no gloves)
rMut   .         Stasis   .     (no boots)
MR     .....                    (no amulet)
Stlth  ..........               (no ring)
                                (no ring)

@: non-regenerating, not resistant to hostile enchantments, extremely unstealthy
A: damage resistance, recharge devices, sense surroundings 1, slow healing 3
a: Device Recharging


You were on level 3 of the Dungeon.
You were very hungry.

You visited 1 branch of the dungeon, and saw 3 of its levels.

You collected 26 gold pieces.

Inventory:

Hand weapons
 a - a +0 flail (weapon)
Armour
 b - a +0 scale mail (worn)
 c - a +0 shield (worn)
 t - a +0 helmet (worn)
Jewellery
 k - an uncursed amulet of resist mutation
Magical devices
 d - a wand of heal wounds (5)
Scrolls
 i - 4 scrolls of identify {unknown}
 o - 2 scrolls of recharging {unknown}
 p - a scroll of fear {unknown}
 r - a scroll of random uselessness {unknown}
Potions
 e - a potion of might
 g - a potion of curing {unknown}
 h - a potion of agility
 j - a potion of heal wounds {unknown}
 l - a potion of restore abilities {unknown}
 m - a potion of invisibility {unknown}
 q - a potion of resistance {unknown}
Comestibles
 f - 2 bread rations
 n - a beef jerky
 s - a meat ration


   Skills:
 + Level 3.2 Fighting
 + Level 3.0 Maces & Flails
 + Level 4.0 Armour
 + Level 4.2 Shields


You had 3 spell levels left.
You didn't know any spells.

Dungeon Overview and Level Annotations

Branches:
Dungeon (3/15)

Altars:
Yredelemnul


Innate Abilities, Weirdness & Mutations

You are resistant to damage.
You can recharge devices by infusing magical energy.
You passively map a small area around you.
You do not heal naturally.


Message History

You block the hobgoblin's attack.
You barely miss the hobgoblin. The hobgoblin barely misses you.
You hit the hobgoblin!
You kill the hobgoblin!
Things that are here:
a falchion; a hobgoblin corpse
Things that are here:
a falchion; a hobgoblin corpse
Things that are here:
a dagger; a goblin corpse
Things that are here:
a dagger; a goblin corpse
Things that are here:
a club; a mace; a hobgoblin corpse You see here a stone.
An orc wizard comes into view. It is wielding a dagger.
The orc wizard shouts!
The orc wizard casts a spell at you. The puff of flame hits you!
You die...

, #..o. , * ...... **
......, , * ..... , .
,#...#, * ..###.#.. * *
, .......)##* ,
S.........# * ..
#.......@.###### ...
###.......†))..##.....
.......##(..........)..
.....................
.....................
,,
.......#....##.>.....
.................... ,
, ....................
,.....##............,


You could see an orc wizard and a ball python (wandering).

Vanquished Creatures
  Robin (D:3)
  3 gnolls (D:2)
  2 adders
  3 giant geckos
  An ooze (D:2)
  An orc (D:3)
  A giant cockroach (D:3)
  12 goblins
  9 hobgoblins
  4 bats
  2 giant newts
  5 kobolds
  A quokka skeleton (D:3)
  4 rats
49 creatures vanquished.

Notes
Turn   | Place    | Note
--------------------------------------------------------------
     0 | D:1      | Ngotmuk, the Deep Dwarf Fighter, began the quest for the Orb.
     0 | D:1      | Reached XP level 1. HP: 20/20 MP: 1/1
   108 | D:1      | Reached XP level 2. HP: 16/27 MP: 2/2
   530 | D:2      | Reached XP level 3. HP: 13/34 MP: 3/3
   733 | D:2      | Found a basalt altar of Yredelemnul.
  1001 | D:3      | Reached skill level 4 in Shields
  1018 | D:3      | Reached XP level 4. HP: 14/42 MP: 4/4
  1044 | D:3      | Noticed Robin
  1049 | D:3      | Killed Robin
  1140 | D:3      | Killed from afar by an orc wizard

Action                   |  1- 3 |  4- 6 || total
-------------------------+-------+-------++-------
Melee: Flail             |    98 |    48 ||   146
